 Dungeon Crawl Stone Soup version 0.28.0-53-g5a82cb258f (webtiles) character file.

Game seed: 13692932904111140556

219 Sin92 the Skirmisher (level 5, 0/42 HPs)
             Began as a Demonspawn Fighter on June 13, 2022.
             Slain by an orc
             ... wielding a +0 club
              (4 damage)
             ... on level 3 of the Dungeon.
             The game lasted 00:02:49 (1752 turns).

Sin92 the Skirmisher (Demonspawn Fighter)           Turns: 1752, Time: 00:02:50

Health: 0/42       AC:  8    Str: 16    XL:     5   Next: 63%
Magic:  5/5        EV: 10    Int:  9    God:
Gold:   81         SH:  5    Dex: 19    Spells: 4/4 levels left

rFire   . . .      SeeInvis .   a - +0 long sword
rCold   . . .      Faith    .   c - +0 buckler
rNeg    . . .      Spirit   .   b - +0 scale mail
rPois   .          Reflect  .   (no helmet)
rElec   .          Harm     .   (no cloak)
rCorr   .          Rampage  .   f - +0 pair of gloves
Will    .....                   (no boots)
Stlth   +++.......              (no amulet)
HPRegen 0.14/turn               (no ring)
MPRegen 0.09/turn               (no ring)

@: mighty
A: thin skeletal structure 2, weakness stinger 1
a: no special abilities


You were on level 3 of the Dungeon.
You visited 1 branch of the dungeon, and saw 3 of its levels.

You collected 81 gold pieces.

Inventory:

Hand Weapons
 a - a +0 long sword (weapon)
Armour
 b - a +0 scale mail (worn)
 c - a +0 buckler (worn)
 f - a +0 pair of gloves (worn)
Scrolls
 e - a scroll of noise {unknown}
 g - a scroll of identify
 i - a scroll of enchant armour
Potions
 d - a potion of cancellation {unknown}


   Skills:
 + Level 3.8 Fighting
 + Level 2.8 Long Blades
 + Level 3.4 Armour
 + Level 1.9 Dodging
 + Level 0.9 Stealth
 + Level 3.5 Shields


You had 4 spell levels left.
You didn't know any spells.
Your spell library was empty.

Dungeon Overview and Level Annotations

Branches:
Dungeon (3/15)

Altars:

Shops:
D:1 !   D:2 =   D:3 !


Innate Abilities, Weirdness & Mutations

You have a moderately thin skeletal structure. (Dex +4, Stealth++)
You have a small tail.


Message History

Your life force feels restored.
You have reached level 5!
You slash the orc!
You kill the orc!
You hit the orc.
You kill the orc!
As you open the door, it creaks loudly!
Found a stone staircase leading down.
There is an open door here.
You open the door.
There is an open door here.
An orc comes into view. It is wielding a +0 short sword.
The orc shouts!
An orc comes into view. It is wielding a +0 club.
The orc moves out of view.
An orc comes into view. It is wielding a +0 whip.
The orc barely misses you.
You closely miss the orc.
The orc shouts!
The orc hits you but does no damage.
You slash the orc!
You kill the orc!
Things that are here:
a +0 short sword; an orc corpse The orc hits you but does no damage.
You hit the orc.
The orc is severely wounded.
The orc hits you with a +0 club.
* * * LOW HITPOINT WARNING * * *
The orc hits you but does no damage. You block the orc's attack.
You slash the orc!
You kill the orc!
The orc closely misses you.
You closely miss the orc.
The orc is severely wounded.
The orc hits you but does no damage.
You closely miss the orc.
The orc is severely wounded.
The orc hits you with a +0 club.
You die...

.....'.....)..... #.
.....##)#####.#.. #. ...
#.......... ####'##....
#..####....
#...........##..#.##....
#...... #.......##....
#......## #.##..#.##....
......)o# #.#...#.##...#
#@# #..∩..#....... #)#
#.....####.#.#
#.#.###...#....... .
#.#.......+....... #. #
#.#######.#...#### #..#.
#.# #.....#... #.#. #.#
###.##### #...##'## #.#
#......# #.#


You could see an orc.

Vanquished Creatures
  An orc warrior (D:3)
  A jelly (D:3)
  3 adders
  2 worms (D:3)
  4 orcs (D:3)
  4 bats
  4 endoplasms
  7 giant cockroaches
  7 goblins
  4 hobgoblins
  7 jackals
  4 kobolds
  2 ball pythons
  4 frilled lizards
  2 rats
56 creatures vanquished.

Notes
Turn   | Place    | Note
-------+----------+-------------------------------------------
     0 | D:1      | Sin92 the Demonspawn Fighter began the quest for the Orb.
     0 | D:1      | Reached XP level 1. HP: 18/18 MP: 1/1
   213 | D:1      | Gained mutation: You have a small tail. [demonic ancestry]
   213 | D:1      | Reached XP level 2. HP: 8/24 MP: 2/2
   277 | D:2      | Found a faded altar of an unknown god.
   287 | D:1      | Gained mutation: You have a somewhat thin skeletal
                  | structure. (Dex +2, Stealth+) [demonic ancestry]
   287 | D:1      | Reached XP level 3. HP: 15/29 MP: 3/3
   461 | D:1      | Found Nedighif's Distillery.
   555 | D:1      | Reached skill level 1 in Dodging
   972 | D:2      | Found Bagiwohuan's Jewellery Shoppe.
  1390 | D:3      | Gained mutation: You have a moderately thin skeletal
                  | structure. (Dex +4, Stealth++) [demonic ancestry]
  1390 | D:3      | Reached XP level 4. HP: 35/35 MP: 4/4
  1572 | D:3      | Found Urphithro's Distillery.
  1710 | D:3      | Noticed an orc warrior
  1722 | D:3      | Killed an orc warrior
  1723 | D:3      | Reached XP level 5. HP: 4/42 MP: 5/5
  1752 | D:3      | Slain by an orc

Illustrated notes

Levels and vault maps discovered:
D:1:      dpeg_arrival_rooms_a, layout_rooms, serial_shops, shop
D:2:      layout_rooms, dreamdust_ecumenical_altar_statues, serial_shops, shop,
          minmay_crystal_water
D:3:      layout_basic, serial_shops, shop

Skill      XL: |  1  2  3 |
---------------+----------+-----
Long Blades    | 2 |  2.8
Armour         | 3 |  3.4
Dodging        | 1 |  1.9
Shields        | 3 |  3.5
Fighting       | |  3.8
Stealth        | |  0.9

Action                   |  1- 3 |  4- 6 || total
-------------------------+-------+-------++-------
Melee: Long sword        |   108 |    37 ||   145
       Tailslap          |     4 |     3 ||     7
  Use: Potion            |     1 |     1 ||     2
       Scroll            |     5 |       ||     5
 Stab: Sleeping          |     1 |     1 ||     2
Armor: Scale mail        |    76 |    22 ||    98
Dodge: Dodged            |    77 |     8 ||    85
Block: Buckler           |    36 |    12 ||    48
